 Dungeon Crawl Stone Soup version 0.28.0-45-g0d030f2227 (webtiles) character file.

Game seed: 5601523426144456028

20850 sking99 the Fighter (level 12, -1/118 HPs)
             Began as a Grey Draconian Conjurer on May 21, 2022.
             Was an Elder of Ashenzari.
             Slain by a minotaur
             ... wielding a +2 halberd of pain
              (7 damage)
             ... in a Gauntlet on May 22, 2022.
             The game lasted 00:59:23 (20156 turns).

sking99 the Fighter (Grey Draconian Conjurer)      Turns: 20156, Time: 00:59:24

Health: -1/118     AC: 20    Str: 11    XL:     12   Next: 49%
Magic:  16/21      EV: 16    Int: 23    God:    Ashenzari [****..]
Gold:   544        SH:  0    Dex:  9    Spells: 3/23 levels left

rFire   . . .      SeeInvis +   h - +3 dagger of the Revealing Comet {venom, Cun, Elem} (curse)
rCold   . . .      Faith    .   (no shield)
rNeg    . . .      Spirit   .   (armour unavailable)
rPois   +          Reflect  .   a - +2 hat
rElec   +          Harm     .   A - +0 cloak of Ashenzari's Repose {Bglg, Cun} (curse)
rCorr   +          Rampage  .   D - +0 pair of gloves "Gaze Upon Infinity" {Alch, Bglg} (curse)
Will    +....      Clarity  +   u - +2 pair of boots "Idealism of Ashenzari" {Evo, Bglg} (curse)
Stlth   ++........ NoTele   +   (no amulet)
HPRegen 0.29/turn               j - ring "Jealousy of the Sky" {rCorr, Self, Comp} (curse)
MPRegen 0.17/turn               w - ring of the Cursed Stickiness {Fly rElec rPois Will+ Slay-2, Comp, Elem} (curse)

@: flying
A: AC +13, amphibious, unfitting armour, cold-blooded
a: Renounce Religion, Curse Item, Shatter the Chains


You were in a Gauntlet.
You worshipped Ashenzari.
Ashenzari was greatly pleased with you.
You visited 2 branches of the dungeon, and saw 13 of its levels.
You also visited: Gauntlet.

You collected 670 gold pieces.
You spent 126 gold pieces at shops.

Inventory:

Hand Weapons
 h - the cursed +3 dagger of the Revealing Comet (weapon) {venom, Cun, Elem}
   (You found it on level 3 of the Dungeon)

   It poisons the flesh of those it strikes.
   It has a curse which improves the following skills: Cunning: Dodging and
   Stealth.
   Elements:  Fire Magic, Ice Magic, Air Magic and Earth Magic.
Missiles
 y - a throwing net
Armour
 a - a +2 hat (worn)
 u - the cursed +2 pair of boots "Idealism of Ashenzari" (worn) {Evo, Bglg}
   (You found it on level 6 of the Dungeon)

   It has a curse which improves the following skills: Evocations: Evocations.
   Beguiling: Conjurations, Hexes and Translocations.
 A - the cursed +0 cloak of Ashenzari's Repose (worn) {Bglg, Cun}
   (You bought it in a shop on level 2 of the Dungeon)

   It has a curse which improves the following skills: Beguiling: Conjurations,
   Hexes and Translocations.
   Cunning:   Dodging and Stealth.
 D - the cursed +0 pair of gloves "Gaze Upon Infinity" (worn) {Alch, Bglg}
   (You found it on level 9 of the Dungeon)

   It has a curse which improves the following skills: Alchemy: Poison Magic and
   Transmutations.
   Beguiling: Conjurations, Hexes and Translocations.
Jewellery
 j - the cursed ring "Jealousy of the Sky" (left hand) {rCorr, Self, Comp}
   (You found it on level 3 of the Dungeon)

   [ring of resist corrosion]

   rCorr:     It protects you from acid and corrosion.
   It has a curse which improves the following skills: Introspection: Fighting
   and Spellcasting.
   Companions: Summonings and Necromancy.
 w - the cursed ring of the Cursed Stickiness (right hand) {Fly rElec rPois Will+ Slay-2, Comp, Elem}
   (You found it on level 7 of the Dungeon)

   [ring of willpower]

   Slay:      It affects your accuracy & damage with ranged weapons and melee
   (-2).
   rElec:     It insulates you from electricity.
   rPois:     It protects you from poison.
   Fly:       It grants you flight.
   Will:      It increases your willpower.
   It has a curse which improves the following skills: Companions: Summonings
   and Necromancy.
   Elements:  Fire Magic, Ice Magic, Air Magic and Earth Magic.
 z - a ring of flight
 B - a +4 ring of protection
 E - the ring "Wifor" {Ice Dex+6 Stlth+}
   (You found it in a Gauntlet)

   [ring of ice]

   It enhances your ice magic.
   Dex:       It affects your dexterity (+6).
   rF:        It makes you vulnerable to fire.
   rC:        It protects you from cold.
   Stlth:     It makes you more stealthy.
 G - a +4 ring of evasion
Wands
 o - a wand of paralysis (12)
 p - a wand of iceblast (13)
 q - a wand of acid (9)
 s - a wand of mindburst (6)
 t - a wand of flame (25)
 I - a wand of charming (4)
Scrolls
 g - 2 scrolls of silence
 i - 2 scrolls of fog
 k - 2 scrolls of teleportation
 v - 3 scrolls of amnesia
 x - a scroll of brand weapon
 F - a scroll of fear
 J - a scroll of magic mapping
Potions
 b - 3 potions of berserk rage
 c - 6 potions of heal wounds
 d - a potion of degeneration
 e - 5 potions of flight
 f - a potion of might
 l - 4 potions of mutation
 m - 4 potions of curing
 n - a potion of lignification
 r - 6 potions of ambrosia
 C - a potion of brilliance
 H - a potion of haste


   Skills:
 + Level 12.5(14.4) Fighting
 + Level 10.1(13.1) Dodging
 - Level 1.8(3.9) Stealth
 - Level 4.1(6.0) Spellcasting
 - Level 8.9(12.8) Conjurations
 - Level 7.1(11.0) Hexes
 - Level 6.5(9.5) Summonings
 - Level 3.1(6.3) Translocations


You had 3 spell levels left.
You knew the following spells:

 Your Spells              Type           Power      Damage    Failure   Level
a - Magic Dart            Conj           100%       1d8       1%          1
b - Searing Ray           Conj           100%       2d8       1%          2
c - Summon Mana Viper     Hex/Summ       52%        N/A       3%          5
d - Fulminant Prism       Conj/Hex       29%        3d14      1%          4
e - Summon Forest         Summ/Tloc      21%        N/A       9%          5
f - Dazzling Flash        Conj/Hex       100%       N/A       1%          3

Your spell library contained the following spells:

 Spells                   Type           Power      Damage    Failure   Level
 Summon Small Mammal      Summ           100%       N/A       1%          1
 Ensorcelled Hibernation  Hex/Ice        66%        N/A       1%          2
 Static Discharge         Conj/Air       37%        N/A       1%          2
 Call Canine Familiar     Summ           50%        N/A       1%          3
 Conjure Flame            Conj/Fire      37%        6-21      1%          3
 Gell's Gravitas          Tloc           36%        N/A       1%          3
 Portal Projectile        Hex/Tloc       94%        N/A       1%          3
 Summon Guardian Golem    Hex/Summ       52%        N/A       1%          3
 Teleport Other           Tloc           36%        N/A       1%          3
 Sublimation of Blood     Necr           8%         N/A       11%         2
 Ignite Poison            Fire/Tmut/Pois 8%         N/A       22%         3
 Ozocubu's Armour         Ice            8%         N/A       22%         3
 Spider Form              Tmut/Pois      8%         N/A       24%         3
 Iskenderun's Mystic Bla  Conj/Tloc      50%        2d11      1%          4
 Sticky Flame             Conj/Fire      37%        2d6       5%          4
 Anguish                  Hex/Necr       16%        N/A       9%          4
 Leda's Liquefaction      Hex/Erth       16%        N/A       9%          4
 Irradiate                Conj/Tmut      18%        3d19      16%         5
 Metabolic Englaciation   Hex/Ice        16%        N/A       22%         5
 Summon Cactus Giant      Summ           25%        N/A       26%         6
 Dispel Undead            Necr           8%         3d8       58%         4
 Petrify                  Tmut/Erth      8%         N/A       58%         4
 Dispersal                Tloc           18%        N/A       67%         6
 Statue Form              Tmut/Erth      5%         N/A       100%        6
 Ozocubu's Refrigeration  Ice            4%         4d5       100%        7


Dungeon Overview and Level Annotations

Branches:
Dungeon (11/15)            Temple (0/1) D:7            Lair (2/6) D:11
    Orc (0/2) D:10        Gauntlet (1/1)
  Swamp: Lair:2-4    Shoals: Lair:2-4     Snake: Lair:2-4    Spider: Lair:2-4

Altars:
Ashenzari
Elyvilon
Gozag
Hepliaklqana
Makhleb
Trog
Uskayaw
Vehumet
Wu Jian
Yredelemnul
Zin

Shops:
D:2 *   D:8 *[

Annotations:
Gauntlet 12 transporters


Innate Abilities, Weirdness & Mutations

Your dull iron-grey scales are very hard. (AC +13)
You are amphibious.
You cannot fit into any form of body armour.
You are cold-blooded and may be slowed by cold attacks.


Message History

You start resting.
The neqoxec shouts!
Magic restored.
You see here a +2 quarterstaff of draining.
There is a transporter here.
You enter the transporter and appear at another place.
You sense a monster nearby.
A minotaur comes into view.
It is wielding a +2 halberd of pain and quivering silver javelins.
The minotaur bellows!
The minotaur hits you from afar with a +2 halberd of pain!
You writhe in agony.
The minotaur drinks a potion.
The minotaur seems to speed up.
The minotaur closely misses you.
The minotaur throws a silver javelin.
The silver javelin barely misses you.
The minotaur throws a silver javelin.
The silver javelin barely misses you.
The minotaur throws a silver javelin.
The silver javelin pierces through you!
The minotaur throws a silver javelin.
The silver javelin barely misses you.
The minotaur throws a silver javelin.
The silver javelin pierces through you.
The minotaur throws a silver javelin.
The silver javelin pierces through you!!
Casting: Magic Dart (safe; 1% risk of failure)
Confirm with . or Enter, or press ? or * to list all spells.
You need more open space to fit a forest.
The minotaur hits you from afar with a +2 halberd of pain.
You writhe in agony.
The minotaur throws a silver javelin.
The silver javelin pierces through you!
* * * LOW HITPOINT WARNING * * *
The minotaur throws a silver javelin.
The silver javelin pierces through you but does no damage.
* * * LOW HITPOINT WARNING * * *
Casting: Summon Forest (dangerous; 9% risk of failure)
Confirm with . or Enter, or press ? or * to list all spells.
A mana viper appears with a sibilant hiss.
The minotaur throws a silver javelin.
The silver javelin misses you.
The minotaur throws a silver javelin.
The silver javelin misses you.
Your mana viper bites the minotaur!
The minotaur hits you from afar with a +2 halberd of pain!!
* * * LOW HITPOINT WARNING * * *
You writhe in agony!
You die...

#########.#########
#.............##
#.###########.##
*.#.........#.##
.#.#######.#.##
*.#.##⌠.⌠##.#.##
##.#...,∆.#..#.##
#######⌠.⌠#.##.##
##@.#.#####.#..##
###S#.......#.###
###H####.####.##
##...........##
###############
#############


You could see a minotaur (fast, ally target) and a friendly mana viper
(summoned).

Vanquished Creatures
  A hydra (Lair:2)
  4 two-headed ogres
  A tengu warrior (D:11)
  Sonja (D:11)
  Pikel (D:6)
  A gargoyle (D:7)
  A kobold demonologist (D:8)
  Maggie (D:6)
  2 trolls
  A shadow (D:10)
  A vampire (D:9)
  5 yaks (D:9)
  A steam dragon (D:8)
  4 wyverns
  2 water moccasins
  An acid dragon (D:11)
  A floating eye (shapeshifter) (Gauntlet)
  3 orc warriors
  2 ice beasts
  A sky beast (D:7)
  A wolf (Lair:2)
  2 necrophages
  8 centaurs
  2 ogres
  2 phantoms
  A nameless horror (D:10)
  11 kobold brigands
  2 bullfrogs
  A water moccasin zombie (D:6)
  3 scorpions
  17 killer bees (Lair:1)
  18 wights
  3 centaur zombies
  A gnoll shaman (D:6)
  6 orc priests
  A bullfrog skeleton (D:4)
  A centaur skeleton (D:6)
  4 hounds
  3 jellies
  2 iguanas
  Ijyb (D:5)
  A scorpion zombie (D:5)
  4 orc wizards
  2 hound skeletons (D:4)
  A howler monkey zombie (D:10)
  5 gnolls
  8 adders
  2 white imps (D:7)
  2 ufetubi
  2 worms
  2 dart slugs
  25 orcs
  10 endoplasms
  2 giant cockroaches
  8 goblins
  6 hobgoblins
  16 kobolds
  5 quokkas
  10 ball pythons
  9 bats
  3 frilled lizards
  6 rats
254 creatures vanquished.

Vanquished Creatures (collateral kills)
  A spark wasp (shapeshifter) (Gauntlet)
  A moth of wrath (Gauntlet)
  A black mamba (Lair:2)
  An eye of devastation (Gauntlet)
  A centaur zombie (D:11)
  A gargoyle (D:11)
  2 cane toads (Lair:1)
  A tengu conjurer (D:11)
  2 komodo dragons
  A troll (D:11)
  A queen bee (Lair:1)
  5 blink frogs (Lair:2)
  A shadow (D:11)
  A wraith (D:11)
  A golden eye (Gauntlet)
  3 redbacks (Gauntlet)
  2 water moccasins (Lair:1)
  A floating eye (Gauntlet)
  5 black bears (Lair:2)
  An ogre (D:10)
  A wolf (Lair:2)
  A bullfrog (shapeshifter) (Gauntlet)
  A bullfrog (Lair:1)
  6 killer bees (Lair:1)
  2 wights (D:10)
  An orc wizard (D:10)
  5 hell rats (Lair:1)
50 creatures vanquished.

Vanquished Creatures (others)
  13 demonic plants (Gauntlet)
  113 fulminant prisms
  4 fungi
  30 plants
160 creatures vanquished.

Grand Total: 464 creatures vanquished

Notes
Turn   | Place    | Note
-------+----------+-------------------------------------------
     0 | D:1      | sking99 the Draconian Conjurer began the quest for the Orb.
     0 | D:1      | Reached XP level 1. HP: 14/14 MP: 3/3
   437 | D:1      | Reached XP level 2. HP: 22/22 MP: 1/5
   483 | D:1      | Learned a level 2 spell: Searing Ray
   858 | D:2      | Reached skill level 1 in Fighting
  1079 | D:2      | Reached XP level 3. HP: 28/28 MP: 2/6
  1209 | D:2      | Found Xaucam's Assorted Antiques.
  2079 | D:2      | Found a faded altar of an unknown god.
  2556 | D:3      | Noticed a phantom
  3098 | D:3      | Reached XP level 4. HP: 34/36 MP: 2/7
  3214 | D:3      | Reached skill level 5 in Conjurations
  3369 | D:3      | Killed a phantom
  3370 | D:3      | Reached skill level 2 in Fighting
  3370 | D:3      | Reached XP level 5. HP: 27/42 MP: 1/9
  3447 | D:3      | Learned a level 4 spell: Fulminant Prism
  3759 | D:3      | Found a broken altar of Ashenzari.
  3846 | D:3      | Found a hazy altar of Hepliaklqana.
  4083 | D:4      | Found a white marble altar of Elyvilon.
  4169 | D:4      | Noticed a necrophage
  4195 | D:4      | Killed a necrophage
  4196 | D:4      | Reached skill level 3 in Fighting
  4196 | D:4      | Reached skill level 1 in Hexes
  4196 | D:4      | Reached XP level 6. HP: 49/51 MP: 3/10
  5180 | D:5      | Entered Level 5 of the Dungeon
  5263 | D:3      | Became a worshipper of Ashenzari the Shackled
  5465 | D:5      | Found a burning altar of Makhleb.
  5465 | D:5      | Found the +14 obsidian axe {vorpal, Mesm Drain Fly SInv}
  5549 | D:5      | Noticed Ijyb
  5556 | D:5      | Killed Ijyb
  5557 | D:5      | Reached skill level 4 in Fighting
  5557 | D:5      | Your scales start taking on a dull iron-grey colour.
  5557 | D:5      | Reached XP level 7. HP: 38/59 MP: 2/11
  5846 | D:5      | Found a basalt altar of Yredelemnul.
  5848 | D:5      | Found a radiant altar of Vehumet.
  6357 | D:5      | Reached skill level 5 in Fighting
  6565 | D:5      | Learned a level 3 spell: Dazzling Flash
  6677 | D:6      | Reached XP level 8. HP: 68/68 MP: 4/12
  7245 | D:6      | Noticed a troll
  7280 | D:6      | Killed a troll
  7281 | D:6      | Reached skill level 6 in Fighting
  7434 | D:6      | Noticed Pikel
  7674 | D:6      | Noticed Maggie
  7893 | D:6      | Killed Maggie
  7894 | D:6      | Reached skill level 5 in Hexes
  8072 | D:6      | Killed Pikel
  8073 | D:6      | Reached skill level 7 in Fighting
  8073 | D:6      | Reached XP level 9. HP: 55/81 MP: 1/14
  9074 | D:7      | Reached * piety under Ashenzari
  9266 | D:7      | Identified the ring of Daisies {Fly rElec rPois Will+
                  | Slay-2}
  9432 | D:7      | Reached skill level 8 in Fighting
  9724 | D:7      | Noticed a gargoyle
  9734 | D:7      | Killed a gargoyle
  9990 | D:7      | Found a staircase to the Ecumenical Temple.
 10370 | D:2      | Bought a cloak for 126 gold pieces
 10573 | D:8      | Found the +7 Kryia's mail coat {PotionHeal*2 rC+}
 10616 | D:8      | Found Fuorch's Armour Shop.
 10936 | D:8      | Reached ** piety under Ashenzari
 11235 | D:8      | Reached XP level 10. HP: 82/93 MP: 3/16
 11330 | D:8      | Found Fourch's General Store.
 11410 | D:8      | Reached skill level 1 in Summonings
 11818 | D:8      | Reached skill level 9 in Fighting
 11818 | D:8      | Reached skill level 5 in Dodging
 12803 | D:9      | Learned a level 5 spell: Summon Mana Viper
 13054 | D:9      | Noticed a two-headed ogre
 13088 | D:9      | Killed a two-headed ogre
 13265 | D:9      | Noticed a two-headed ogre
 13299 | D:9      | Killed a two-headed ogre
 13614 | D:9      | Found an ornate altar of the Wu Jian Council.
 13727 | D:9      | Reached *** piety under Ashenzari
 14300 | D:9      | Noticed a two-headed ogre
 14312 | D:9      | Killed a two-headed ogre
 14313 | D:9      | Reached skill level 10 in Fighting
 14313 | D:9      | Reached XP level 11. HP: 103/103 MP: 8/17
 14423 | D:9      | Found a bloodstained altar of Trog.
 14473 | D:9      | Reached skill level 5 in Summonings
 14733 | D:10     | Entered Level 10 of the Dungeon
 15231 | D:10     | Noticed a two-headed ogre
 15247 | D:10     | Killed a two-headed ogre
 16008 | D:10     | Learned a level 5 spell: Summon Forest
 16042 | D:10     | Found a glowing silver altar of Zin.
 16042 | D:10     | Found an opulent altar of Gozag.
 16193 | D:10     | Found a staircase to the Orcish Mines.
 16413 | D:10     | Reached **** piety under Ashenzari
 16510 | D:11     | Found a hide-covered altar of Uskayaw.
 16519 | D:11     | Found a staircase to the Lair.
 16540 | D:11     | Reached skill level 1 in Translocations
 16821 | D:11     | Noticed a tengu warrior
 16837 | D:11     | Killed a tengu warrior
 16958 | D:11     | Noticed Sonja
 16966 | D:11     | Killed Sonja
 17529 | Lair:1   | Entered Level 1 of the Lair of Beasts
 18052 | Lair:1   | Reached skill level 11 in Fighting
 18614 | Lair:1   | Reached XP level 12. HP: 86/115 MP: 15/21
 19229 | Lair:2   | Noticed a six-headed hydra
 19242 | Lair:2   | Killed a six-headed hydra
 19243 | Lair:2   | Reached skill level 12 in Fighting
 19288 | Lair:2   | Found a gate leading to a gauntlet.
 19292 | Gauntlet | Entered a Gauntlet
 19292 | Gauntlet | Found a transporter.
 19375 | Gauntlet | Found a transporter.
 19375 | Gauntlet | Identified the ring "Doostalo" {rC- AC+4 Int-4 Dex+8 SInv}
 19386 | Gauntlet | Found a transporter.
 19391 | Gauntlet | Found a transporter.
 19406 | Gauntlet | Identified the amulet of Famate {Faith rElec Will+ rCorr}
 19408 | Gauntlet | Found a transporter.
 19425 | Gauntlet | Identified the +0 hat "Veof" {Regen+ rCorr Str+2}
 19426 | Gauntlet | Found a transporter.
 19438 | Gauntlet | Found a transporter.
 19446 | Gauntlet | Found a transporter.
 19463 | Gauntlet | Found a transporter.
 19469 | Gauntlet | Found a transporter.
 19469 | Gauntlet | Found a transporter.
 19484 | Gauntlet | Found a transporter.
 19490 | Gauntlet | Found a transporter.
 19499 | Gauntlet | Noticed a cacodemon
 19503 | Gauntlet | Identified the ring "Wifor" {Ice Dex+6 Stlth+}
 19505 | Gauntlet | Found a transporter.
 19511 | Gauntlet | Found a transporter.
 19550 | Gauntlet | Found a transporter.
 19577 | Gauntlet | Found a transporter.
 19595 | Gauntlet | Found a transporter.
 19619 | Gauntlet | Paralysed by a floating eye for 2 turns
 19721 | Gauntlet | Noticed a spark wasp
 19721 | Gauntlet | a slime creature changed into a spark wasp
 19726 | Gauntlet | Paralysed by a floating eye for 3 turns
 19747 | Gauntlet | Killed a spark wasp
 19748 | Gauntlet | Reached skill level 10 in Dodging
 20132 | Gauntlet | Noticed a minotaur
 20156 | Gauntlet | Slain by a minotaur

Illustrated notes

Levels and vault maps discovered:
D:1:      lightli_arrival_maybe_door_vault, layout_rooms, nrook_mini_vaults
D:2:      layout_basic, serial_shops, nicolae_shop_overgrown_old_shop,
          shapermc_ecumenical_altar_mp_vishouse
D:3:      minmay_octagon_keep, layout_loops_ring, mainiacjoe_overflow_swirl
D:4:      layout_loops_ring, nicolae_elyvilon_peaceful_grove, amethyst_killhole
D:5:      layout_loops_ring, old_standard_altar, nicolae_overflow_squiral,
          grunt_tough_drop, uniq_ijyb
D:6:      layout_basic, uniq_pikel, uniq_maggie
D:7:      layout_cave_pods, minmay_temple_entry_nine_rooms
D:8:      layout_loops_corners, serial_shops, nicolae_shop_hallway_plus, shop,
          special_room [special_room_kobold], serial_park_tiny_pond,
          hangedman_abyss_or_decor_stagger
D:9:      layout_roguey, mainiacjoe_overflow_tiny_flanked,
          nzn_wu_jian_council_hall, nrook_campfire
D:10:     layout_roguey, grunt_temple_overflow_gold_and_silver, erik_orc_3
D:11:     layout_roguey, lair_entry_dummy, eat_drink_and_be_merry_uskayaw,
          uniq_sonja
Lair:1:   layout_gridlike, special_room [special_room_bee],
          hangedman_lair_unloving_vines, serial_bayou_pond_b,
          infiniplex_staircase_pool, serial_bayou_shore_b, serial_bayou_shore_b
Lair:2:   layout_regular_city, gauntlet_entry_generic, beast_lair_carwin_6,
          lemuel_fruit_tree
Gauntlet: gammafunk_gauntlet_one_two_three [nicolae_gauntlet_arena_grate_2,
          gammafunk_gauntlet_arena_teeth, gammafunk_gauntlet_arena_mazey,
          nicolae_gauntlet_arena_quarters, nicolae_gauntlet_arena_blocks,
          gammafunk_gauntlet_arena_grid, gammafunk_gauntlet_arena_crates,
          gammafunk_gauntlet_arena_hedges, nicolae_gauntlet_swirl,
          dreamdust_gauntlet_exit_labyrinth]

Skill      XL: |  1  2  3  4  5  6  7  8  9 10 11 12 |
---------------+-------------------------------------+-----
Fighting       | 1 2 3 4 5 7 8 10 11 12 | 12.5
Conjurations   | 5 6 7 8 |  8.9
Spellcasting   | 3 4 |  4.1
Hexes          | 1 2 3 5 6 7 |  7.1
Dodging        | 4 6 8 10 | 10.1
Summonings     | 4 6 |  6.5
Translocations | 3 |  3.1
Stealth        | |  1.8

Action                   |  1- 3 |  4- 6 |  7- 9 | 10-12 || total
-------------------------+-------+-------+-------+-------++-------
Melee: Unarmed           |     8 |       |       |       ||     8
       Dagger            |    10 |    16 |    68 |    91 ||   185
       Punch             |     2 |       |     1 |     2 ||     5
       Tailslap          |     1 |     1 |    10 |    16 ||    28
 Cast: Magic Dart        |    74 |    76 |   173 |   189 ||   512
       Searing Ray       |     5 |     9 |    15 |    11 ||    40
       Fulminant Prism   |       |       |    24 |    89 ||   113
       Dazzling Flash    |       |       |     3 |       ||     3
       Summon Mana Viper |       |       |       |    19 ||    19
       Summon Forest     |       |       |       |    13 ||    13
Invok: Curse Item        |       |       |     3 |     3 ||     6
Evoke: Wand              |       |       |       |     1 ||     1
  Use: Scroll            |       |     6 |       |     3 ||     9
       Potion            |       |       |       |     4 ||     4
 Stab: Sleeping          |       |     1 |     1 |       ||     2
       Invisible         |       |       |     1 |       ||     1
       Paralysed         |       |       |       |     3 ||     3
Armor: Skin              |    15 |     9 |    64 |   145 ||   233
Dodge: Dodged            |    29 |    17 |    73 |   238 ||   357
